 Dungeon Crawl Stone Soup version bcrawl-1.32 (webtiles) character file.

Game seed: 8088568348679890668

502356 Morbidden the Blocker (level 17, -20/101 HPs)
             Began as a Jungle Stalker Archaeologist on July 1, 2021.
             Was the Champion of Vehumet.
             Demolished by a hell knight
             ... wielding a +5 great mace of draining
              (43 damage)
             ... on level 1 of the Depths on July 2, 2021.
             The game lasted 01:14:25 (30524 turns).

Morbidden the Blocker (VSAc)                       Turns: 30524, Time: 01:14:25

Health: -20/101    AC: 34    Str: 26    XL:     17   Next: 66%
Magic:  32/32      EV: 10    Int: 15    God:    Vehumet [******]
Gold:   1335       SH: 22    Dex: 17    Spells: 29/36 levels left

rFire    + + +     SeeInvis +   K - +2 scimitar (flame)
rCold    + . .     Gourm    .   A - +6 medium shield of Xughi {+Inv MR+ Stlth+}
rNeg     . . .     Faith    .   S - +12 plate armour of Gallantry {*Contam rPois rF++ MR+}
rPois    +         Spirit   .   J - +2 helmet {SInv}
rElec    .         Reflect  .   G - scarf {rC+ rF+}
rCorr    .         Harm     .   j - +2 pair of gloves {Str+3}
MR       +++..                  q - +1 pair of boots
Stlth    +.........             d - amulet of regeneration
HPRegen  2.42/turn              W - +3 ring of protection
MPRegen  0.23/turn              R - +5 ring of strength

@: studying Fighting, heavily drained
A: fangs 3, hooves 1, agile 1, poison resistance, regeneration 3, acidic bite,
no potion heal 3, rot immunity, strong jaws
a: Renounce Religion, Evoke Invisibility


You were on level 1 of the Depths.
You worshipped Vehumet.
Vehumet was exalted by your worship.
You were hungry.

You visited 9 branches of the dungeon, and saw 27 of its levels.
You visited 1 bazaar.
You also visited: Ossuary, Ice Cave and Volcano.

You collected 3930 gold pieces.
You spent 2595 gold pieces at shops.

Inventory:

Hand Weapons
 a - a +2 dagger of electrocution
 b - a +2 fustibalus of flaming
 p - a +0 blowgun
 K - a +2 scimitar of flaming (weapon)
Missiles
 c - 401 poisoned needles
 y - 773 poisoned tomahawks (quivered)
 D - 2786 sling bullets
 Y - 316 javelins of penetration {=f}
Armour
 j - a +2 pair of gloves of strength (worn)
 q - a +1 pair of boots (worn)
 v - a +1 cloak
 A - the +6 medium shield of Xughi (worn) {+Inv MR+ Stlth+}
   (You found it on level 4 of the Dungeon)

   It affects your resistance to hostile enchantments.
   It lets you turn invisible.
   It makes you more stealthy.
 G - a scarf of resistance (worn)
 J - a +2 helmet of see invisible (worn)
 S - the +12 plate armour of Gallantry (worn) {*Contam rPois rF++ MR+}
   (You bought it in a shop in the Orcish Mines)

   It greatly protects you from fire.
   It protects you from poison.
   It affects your resistance to hostile enchantments.
   It causes magical contamination when unequipped.
Jewellery
 d - an amulet of regeneration (around neck)
 R - a +5 ring of strength (right hand)
 U - an uncursed ring of insulation
 W - a +3 ring of protection (left hand)
 X - the ring "Laxt" {Fire rPois MR+ Dex+2}
   (You found it on level 4 of the Lair of Beasts)

   [ring of fire]

   It enhances your fire magic.
   It affects your dexterity (+2).
   It protects you from fire.
   It makes you vulnerable to cold.
   It protects you from poison.
   It affects your resistance to hostile enchantments.
Wands
 B - a wand of iceblast (10)
 C - a wand of polymorph (43)
 F - a wand of digging (14)
 H - a wand of acid (11)
 N - a wand of disintegration (22)
 P - a wand of clouds (1)
 V - a wand of paralysis (12)
Scrolls
 f - 5 scrolls of fog
 g - 6 scrolls of magic mapping
 h - a scroll of silence
 i - a scroll of identify
 m - 5 scrolls of enchant weapon
 n - 4 scrolls of immolation
 o - 3 scrolls of fear
 r - 6 scrolls of amnesia
 s - 12 scrolls of remove curse
 u - 9 scrolls of teleportation
Potions
 k - 3 potions of resistance
 l - 5 potions of might
 t - 7 potions of curing
 x - 10 potions of mutation
 z - 4 potions of agility
 E - a potion of ambrosia
 I - 3 potions of heal wounds
 M - 2 potions of lignification
 O - 3 potions of flight
 Q - 3 potions of magic
 T - 2 potions of cancellation
 Z - 7 potions of haste
Comestibles
 e - 35 rations {!d}
 w - 2 chunks of flesh


   Skills:
 * Level 9.8(7.5) Fighting
 * Level 9.6(8.9) Short Blades
 + Level 9.7(9.0) Long Blades
   Level 3.1(1.5) Axes
   Level 2.0(1.0) Maces & Flails
 + Level 5.2(3.7) Slings
 + Level 3.7(3.1) Throwing
 + Level 5.1(3.2) Armour
 * Level 12.4(10.0) Dodging
 + Level 11.5(9.1) Stealth
 + Level 13.3(10.8) Shields
 * Level 10.1(7.8) Spellcasting
 + Level 3.4(1.5) Conjurations
 * Level 8.8(6.6) Air Magic
 + Level 1.5(0.0) Evocations


You had 29 spell levels left.
You knew the following spells:

 Your Spells              Type           Power        Failure   Level  Hunger
a - Magic Dart            Conj           ##..         73%         1    None
b - Searing Ray           Conj           ##......     86%         2    None
c - Airstrike             Air            ####......   80%         4    ###....

Your spell library contained the following spells:

 Spells                   Type           Power        Failure   Level  Hunger
 Conjure Ball Lightning   Conj/Air       ###.......   100%        6    ######.
 Shock                    Conj/Air       ###..        41%         1    None
 Throw Frost              Conj/Ice       #.....       63%         2    None
 Flame Tongue             Conj/Fire      #....        83%         1    None
 Static Discharge         Air            ####....     88%         3    None
 Freeze                   Ice            #.....       90%         1    None
 Sandblast                Erth           #.....       90%         1    None
 Mephitic Cloud           Conj/Pois/Air  ##......     90%         3    None
 Swiftness                Chrm/Air       ###.....     98%         2    None
 Conjure Flame            Conj/Fire      #.......     99%         3    None
 Inner Flame              Hex/Fire       N/A          99%         3    None
 Stone Arrow              Conj/Erth      #.....       99%         3    None
 Animate Skeleton         Necr           N/A          100%        1    None
 Apportation              Tloc           #.....       100%        1    None
 Beastly Appendage        Tmut           #.....       100%        1    None
 Corona                   Hex            #......      100%        1    None
 Infusion                 Chrm           #.......     100%        1    None
 Pain                     Necr           #.....       100%        1    None
 Slow                     Hex            #.......     100%        1    None
 Summon Butterflies       Summ           #.......     100%        1    None
 Blink                    Tloc           N/A          100%        2    None
 Call Imp                 Summ           #.....       100%        2    None
 Corpse Rot               Necr           N/A          100%        2    None
 Ensorcelled Hibernation  Hex/Ice        #.....       100%        2    None
 Flaming Arrows           Chrm/Fire      #.......     100%        2    None
 Passwall                 Tmut/Erth      #.......     100%        2    None
 Shackle                  Hex            #.......     100%        2    None
 Sticks to Snakes         Tmut           #.......     100%        2    None
 Confuse                  Hex            #.......     100%        3    None
 Dazzling Orbs            Conj/Hex       #......      100%        3    None
 Ozocubu's Armour         Chrm/Ice       #.......     100%        3    None
 Spider Form              Tmut/Pois      #..          100%        3    None
 Tukima's Dance           Hex            #.......     100%        3    None
 Vampiric Draining        Necr           #.........   100%        3    None
 Agony                    Necr           #.......     100%        4    ###....
 Animate Dead             Necr           N/A          100%        4    ###....
 Cause Fear               Hex            #.........   100%        4    ###....
 Ice Form                 Ice/Tmut       #.......     100%        4    ###....
 Petrify                  Tmut/Erth      #.........   100%        4    ###....
 Sticky Flame             Conj/Fire      #.......     100%        4    ###....
 Summon Ice Beast         Ice/Summ       #.......     100%        4    ###....
 Throw Icicle             Conj/Ice       #.......     100%        4    ###....
 Tree Form                Hex/Tmut       N/A          100%        4    ###....
 Yara's Violent Unravell  Hex/Tmut       #.........   100%        4    ###....
 Blade Hands              Tmut           #.........   100%        5    #####..
 Dispel Undead            Necr           #.......     100%        5    #####..
 Fireball                 Conj/Fire      #.........   100%        5    #####..
 Iskenderun's Battlesphe  Conj/Chrm      #.......     100%        5    #####..
 Lightning Bolt           Conj/Air       ###.......   100%        5    #####..
 Metabolic Englaciation   Hex/Ice        #.........   100%        5    #####..
 Piercing Shot            Chrm           #.........   100%        5    #####..
 Silence                  Hex/Air        ###.......   100%        5    #####..
 Summon Forest            Summ/Tloc      #.........   100%        5    #####..
 Darkness                 Hex            #.........   100%        6    ######.
 Deflect Missiles         Chrm/Air       ###.......   100%        6    ######.
 Infestation              Hex/Tmut/Pois  #........    100%        6    ######.
 Poison Arrow             Conj/Pois      #.........   100%        6    ######.
 Summon Hydra             Summ           #.........   100%        6    ######.
 Mana Rupture             Conj/Hex       #.........   100%        7    #######
 Discord                  Hex            #.........   100%        8    #######


Dungeon Overview and Level Annotations

Branches:
Dungeon (12/12)            Temple (1/1) D:4            Lair (6/6) D:8
 Shoals (3/3) Lair:4        Snake (1/3) Lair:3        Slime (0/5) Lair:5
    Orc (1/1) D:11            Elf (1/3) Orc          Vaults (1/3) D:11
 Depths (1/5) D:12
  Crypt: Vaults:1-2

Altars:
Ashenzari
Cheibriados
Dithmenos
Elyvilon
Fedhas
Gozag
Hepliaklqana
Kikubaaqudgha
Lugonu
Makhleb
Nemelex Xobeh
Okawaru
Qazlal
Ru
Sif Muna
Trog
Uskayaw
Vehumet
Wu Jian
Xom
Yredelemnul
Zin
The Shining One
Beogh
Jiyva

Shops:
Orc %*!![   Depths:1 (

Portals:
Hell: Depths:1
Abyss: Depths:1
Pandemonium: Depths:1
Trove: D:8 (give 5 scrolls of blinking)

Annotations:
D:4 1 runed translucent door, yrara's ghost, amateur DsFi
D:6 2 runed doors
D:7 1 runed door
D:10 exclusion: ugly thing
D:12 Rupert
Lair:3 exclusion: oklob plant
Lair:5 1 runed door
Shoals:1 3 runed translucent doors, Faustar's ghost, adept GrFi; Roxanne
Snake:1 Louise
Vaults:1 3 runed translucent doors, Morbidden's ghost, journeyman HOAc


Innate Abilities, Weirdness & Mutations

You have razor-sharp teeth.
Your system is resistant to poisons. (rPois)
You regenerate.
You have acidic saliva.
Potions cannot restore your health.
You are immune to rotting.
Your bites deal extra damage.
You have large cloven feet.
You are agile. (Dex +2)


Message History

The hell knight is heavily wounded.
The hell knight hits you with a +5 great mace of draining!!
You feel drained.
The hell knight hits you with a +5 great mace of draining!!
* * * LOW HITPOINT WARNING * * *
You feel drained.
* * * LOW HITPOINT WARNING * * *
No path to travel!
Throwing (i - inventory. (/) - cycle)
y - 774 poisoned tomahawks (quivered)
Press: ? - help, Shift-Dir - straight line, f/p - hell knight
Aim: a hell knight, wielding a +5 great mace of draining and wearing a +0 plate armour (heavily wounded, berserk, fast, unusually strong, poisoned)
You throw a poisoned tomahawk.
The poisoned tomahawk hits the hell knight but does no damage.
The hell knight looks more poisoned.
The hell knight is heavily wounded.
The hell knight gestures at you while chanting.
The bolt of fire hits the hell knight.
The hell knight completely resists.
The bolt of fire misses you.
The hell knight hits you with a +5 great mace of draining!!!
You die...

#..##..##..############
########.##.##....##.............
^..<...#.#..#..##.'..............
.♣.).♣.#.#..#..##.###............
.......#.##.##......#............
.♣...♣!#..#..##'#.∩.#............
.......#..##..#.#..##............
.♣...♣.#...##..)####.............
.......#....###.@pp#......[......
###'####......####.#..###.###....
#......#.........##.#∩#.#∩#....
########.........##.###.###....
####)......p)##....∩.......
#............######.###....
#.#...#.#....# ##∩#.#∩#....
#.##..#.#....# ####.###....
#.##.##.#....# ####........


You could see 2 hell knights.

Vanquished Creatures
  4 frost giants
  3 stone giants
  An ironheart preserver (Vaults:1)
  A vampire knight (Depths:1)
  Nessos (Lair:5)
  A deep elf demonologist (Vaults:1)
  4 merfolk impalers
  3 ettins
  2 merfolk javelineers
  Snorg (Lair:5)
  4 yaktaur captains
  A vault guard (D:11)
  Fannar (Orc)
  A rakshasa (Depths:1)
  7 hydras
  3 ice dragons
  A great orb of eyes (D:11)
  2 satyrs
  5 centaur warriors
  A catoblepas (Lair:6)
  2 ogre magi
  An anaconda (shapeshifter) (D:9)
  2 death knights
  2 anacondas
  2 dancing weapons (Elf:1)
  3 death yaks (Lair:6)
  2 deep troll earth magi (D:11)
  9 two-headed ogres
  An alligator (Lair:5)
  A merfolk aquamancer (Shoals:1)
  4 sea snakes
  A deep troll shaman (Lair:6)
  2 tengu warriors
  5 deep elf knights
  5 hell knights (Depths:1)
  7 orc knights
  2 cyclopes
  A golden dragon skeleton (Depths:1)
  A naga ritualist (Lair:3)
  2 lindwurms (Volcano)
  9 deep elf archers (Elf:1)
  7 harpies
  3 wizards
  An ironheart convoker (Vaults:1)
  5 necromancers
  6 manticores
  2 mana vipers (Lair:3)
  2 orc sorcerers (Orc)
  10 deep elf magi
  A stone giant zombie (Depths:1)
  11 fauns
  15 ugly things
  8 elephants
  5 merfolk sirens
  5 black mambas
  3 water nymphs
  5 molten gargoyles (Volcano)
  A torpor snail (Lair:5)
  A gargoyle (D:12)
  14 cane toads
  2 ice statues (IceCv)
  5 rime drakes
  5 komodo dragons
  15 yaktaurs
  2 kobold demonologists (D:12)
  4 efreet
  A freezing wraith (D:11)
  2 tengu conjurers
  2 polar bears (Lair:6)
  8 merfolk
  6 trolls
  A merfolk (shapeshifter) (Depths:1)
  Prince Ribbit (D:6)
  5 blink frogs (Lair:2)
  A dream sheep (shapeshifter) (Elf:1)
  17 dream sheep
  A blink frog (shapeshifter) (Vaults:1)
  11 hippogriffs
  7 slime creatures
  A wind drake (Shoals:1)
  4 snapping turtles
  A stone giant simulacrum (Depths:1)
  3 wraiths
  A shadow (D:5)
  An air elemental (Elf:1)
  A wyvern (Lair:2)
  A yak (shapeshifter) (D:8)
  8 water elementals
  A basilisk (Lair:2)
  12 yaks
  3 fire elementals (Volcano)
  A hog (shapeshifter) (D:12)
  2 hungry ghosts
  4 nagas (Lair:3)
  4 wargs
  4 large abominations (Elf:1)
  9 crocodiles
  12 porcupines
  7 water moccasins
  29 orc warriors
  3 soldier ants (D:8)
  15 ice beasts
  2 sky beasts (D:10)
  2 black bears
  A phantom (D:9)
  6 ogres
  A necrophage (D:7)
  11 centaurs
  2 boggarts
  20 wolves
  16 bullfrogs
  6 elf zombies
  A tengu simulacrum (Depths:1)
  An earth elemental (Volcano)
  5 scorpions
  9 killer bees (D:9)
  A tengu zombie (Depths:1)
  13 wights
  3 howler monkeys
  An electric eel (Lair:2)
  5 centaur zombies
  4 crimson imps
  13 orc priests
  7 hounds
  3 bullfrog skeletons
  3 centaur skeletons
  Ijyb (D:5)
  2 iguanas
  4 orc wizards
  13 worker ants
  2 yak simulacra (D:9)
  A wolf simulacrum (D:9)
  3 polar bear simulacra (D:9)
  A big kobold zombie (Ossuary)
  2 mummies (Ossuary)
  A howler monkey zombie (D:9)
  3 adders
  2 shadow imps
  An ooze (D:4)
  5 worms
  5 dart slugs
  7 leopard geckos
  81 orcs
  8 bats
  3 giant cockroaches
  7 goblins
  7 hobgoblins
  15 jackals
  12 kobolds
  4 quokkas
  A ball python (D:3)
  A ball python skeleton (D:4)
  2 frilled lizards
  A goblin zombie (Ossuary)
  7 hobgoblin zombies (Ossuary)
  2 jackal skeletons
  A jackal zombie (Ossuary)
  10 kobold zombies (Ossuary)
  10 orc zombies (Ossuary)
  7 rats
  3 rat zombies (Ossuary)
  4 river rat simulacra (D:9)
  2 fire vortices (Volcano)
816 creatures vanquished.

Vanquished Creatures (others)
  A deep elf mage (Elf:1)
  A boggart (Vaults:1)
  A fire vortex (Volcano)
  8 fungi
  7 plants
  A withered plant (D:4)
19 creatures vanquished.

Grand Total: 835 creatures vanquished

Notes
Turn   | Place    | Note
-------+----------+-------------------------------------------
     0 | D:1      | Morbidden the Vine Stalker Archaeologist began the quest
                  | for the Orb.
     0 | D:1      | Reached XP level 1. HP: 11/11 MP: 2/2
    49 | D:1      | Reached XP level 2. HP: 16/16 MP: 3/3
    95 | D:1      | Reached skill level 1 in Maces & Flails
   282 | D:1      | Reached skill level 1 in Fighting
   282 | D:1      | Reached XP level 3. HP: 10/20 MP: 4/4
   295 | D:1      | Reached skill level 5 in Stealth
   734 | D:2      | Reached XP level 4. HP: 25/25 MP: 5/5
  1197 | D:2      | Found a burning altar of Makhleb.
  1209 | D:2      | Reached skill level 1 in Slings
  1465 | D:2      | Reached XP level 5. HP: 30/30 MP: 6/6
  1465 | D:2      | Identified a scroll of acquirement
  1585 | D:2      | Identified the +0 helmet of Rotten New Discoveries {rC+}
                  | (You acquired it on level 2 of the Dungeon)
  2283 | D:4      | Gained mutation: You have razor-sharp teeth. [Vine Stalker
                  | growth]
  2283 | D:4      | Reached XP level 6. HP: 35/35 MP: 6/8
  2358 | D:4      | Reached skill level 1 in Spellcasting
  2506 | D:5      | Entered Level 5 of the Dungeon
  3261 | D:4      | Reached skill level 1 in Axes
  3261 | D:4      | Reached XP level 7. HP: 22/40 MP: 4/10
  3383 | D:4      | Found a runed translucent door.
  3383 | D:4      | Noticed yrara's ghost (amateur DsFi)
  3400 | D:4      | Found a staircase to the Ecumenical Temple.
  3431 | D:4      | Got a buzzing medium shield
  3437 | D:4      | Identified the +6 medium shield of Xughi {+Inv MR+ Stlth+}
                  | (You found it on level 4 of the Dungeon)
  3448 | Temple   | Entered the Ecumenical Temple
  3531 | Temple   | Became a worshipper of Vehumet
  3638 | D:4      | Found a hazy altar of Hepliaklqana.
  4087 | D:5      | Noticed a shadow
  4106 | D:5      | Killed a shadow
  4107 | D:5      | Reached skill level 1 in Throwing
  4107 | D:5      | Reached skill level 1 in Shields
  4107 | D:5      | Gained mutation: You have acidic saliva. [Jungle Stalker
                  | growth]
  4107 | D:5      | Gained mutation: Your system is resistant to poisons.
                  | (rPois) [Jungle Stalker growth]
  4107 | D:5      | Reached XP level 8. HP: 15/46 MP: 3/13
  4529 | D:5      | Noticed Ijyb
  4538 | D:5      | Killed Ijyb
  4744 | D:6      | Noticed Prince Ribbit
  4796 | D:6      | Killed Prince Ribbit
  4797 | D:6      | Reached skill level 2 in Shields
  4829 | D:6      | Found a sand-covered staircase.
  4834 | Ossuary  | Entered an ossuary
  4902 | Ossuary  | Reached * piety under Vehumet
  4902 | Ossuary  | Offered knowledge of Magic Dart by Vehumet.
  4905 | Ossuary  | Learned a level 1 spell: Magic Dart
  5004 | Ossuary  | Reached skill level 5 in Dodging
  5024 | Ossuary  | Reached skill level 1 in Short Blades
  5338 | D:6      | Reached skill level 1 in Conjurations
  5338 | D:6      | Reached XP level 9. HP: 52/52 MP: 15/15
  5358 | D:6      | Reached skill level 3 in Shields
  5573 | D:6      | Found a runed door.
  5588 | D:6      | Found a runed door.
  5654 | D:6      | Noticed a deep elf mage
  5667 | D:6      | Killed a deep elf mage
  5668 | D:6      | Reached skill level 1 in Armour
  6575 | D:7      | Found a runed door.
  7214 | D:8      | Noticed an efreet
  7227 | D:8      | Killed an efreet
  7239 | D:8      | Found a shadowy altar of Dithmenos.
  7250 | D:8      | Reached ** piety under Vehumet
  7250 | D:8      | Offered knowledge of Throw Frost by Vehumet.
  7296 | D:8      | Found a portal to a secret trove of treasure.
  7368 | D:8      | Reached skill level 1 in Long Blades
  7390 | D:8      | Noticed a two-headed ogre
  7416 | D:8      | Killed a two-headed ogre
  7417 | D:8      | Reached skill level 4 in Shields
  7417 | D:8      | Reached XP level 10. HP: 51/58 MP: 17/17
  7458 | D:8      | Found a white marble altar of Elyvilon.
  7458 | D:8      | Found a glowing golden altar of the Shining One.
  7459 | D:8      | Found a glowing silver altar of Zin.
  7582 | D:8      | Noticed a manticore
  7590 | D:8      | Killed a manticore
  7987 | D:8      | Found a shimmering blue altar of Sif Muna.
  7990 | D:8      | Found a blossoming altar of Fedhas.
  7991 | D:8      | Found a stormy altar of Qazlal.
  7991 | D:8      | Found an ornate altar of the Wu Jian Council.
  8060 | D:8      | Found a staircase to the Lair.
  8170 | D:8      | Reached skill level 5 in Shields
  8270 | D:8      | Offered knowledge of Searing Ray by Vehumet.
  8274 | D:8      | Learned a level 2 spell: Searing Ray
  8487 | D:8      | Reached skill level 5 in Spellcasting
  8772 | D:9      | Noticed a cyclops
  8777 | D:10     | Entered Level 10 of the Dungeon
  8777 | D:10     | Noticed a two-headed ogre
  8793 | D:10     | Reached skill level 5 in Fighting
  8894 | D:10     | Noticed a cyan ugly thing
  8925 | D:10     | Learned a level 4 spell: Airstrike
  8945 | D:10     | Noticed a two-headed ogre
  8974 | D:10     | Killed a two-headed ogre
  8975 | D:10     | Reached skill level 5 in Short Blades
  8975 | D:10     | Reached skill level 6 in Shields
  8975 | D:10     | Reached XP level 11. HP: 38/64 MP: 10/19
  9045 | D:10     | Noticed a two-headed ogre
  9060 | D:10     | Killed a two-headed ogre
  9061 | D:10     | Reached skill level 1 in Air Magic
  9061 | D:10     | Reached *** piety under Vehumet
  9098 | D:10     | Noticed a seven-headed hydra
  9206 | D:9      | Noticed a green ugly thing
  9219 | D:9      | Killed a green ugly thing
  9468 | D:9      | Killed a cyclops
  9646 | D:9      | Offered knowledge of Throw Icicle by Vehumet.
  9711 | D:9      | Noticed a two-headed ogre
  9721 | D:9      | Noticed an anaconda
  9721 | D:9      | a two-headed ogre changed into an anaconda
  9728 | D:9      | Killed an anaconda
  9789 | D:9      | Noticed a necromancer
  9818 | D:9      | Killed a necromancer
  9910 | D:9      | Noticed an orc knight
  9921 | D:9      | Killed an orc knight
 10233 | D:9      | Reached **** piety under Vehumet
 10289 | D:9      | Found a roughly hewn altar of Beogh.
 10433 | D:10     | Noticed a green ugly thing
 10441 | D:10     | Offered knowledge of Sticky Flame by Vehumet.
 10447 | D:10     | Killed a green ugly thing
 10448 | D:10     | Reached skill level 7 in Shields
 10575 | D:10     | Noticed a death knight
 10711 | Lair:1   | Entered Level 1 of the Lair of Beasts
 10748 | Lair:1   | Gained mutation: You heal very quickly. [Jungle Stalker
                  | growth]
 10748 | Lair:1   | Reached XP level 12. HP: 38/69 MP: 11/22
 12166 | Lair:2   | Found a hide-covered altar of Uskayaw.
 12459 | Lair:2   | Reached skill level 8 in Shields
 12622 | Lair:2   | Got a scintillating garnet amulet
 13048 | Lair:3   | Found a frozen archway.
 13081 | IceCv    | Entered an ice cave
 13103 | IceCv    | Identified the amulet "Durux" {Inacc Str+3} (You found it
                  | on level 2 of the Lair of Beasts)
 13124 | IceCv    | Reached ***** piety under Vehumet
 13156 | IceCv    | Offered knowledge of Venom Bolt by Vehumet.
 13363 | IceCv    | Noticed an ice dragon
 13371 | IceCv    | Noticed an ice dragon
 13377 | IceCv    | Killed an ice dragon
 13378 | IceCv    | Reached XP level 13. HP: 75/75 MP: 24/24
 13385 | IceCv    | Killed an ice dragon
 13386 | IceCv    | Reached skill level 5 in Long Blades
 13786 | Lair:3   | Found a staircase to the Snake Pit.
 13809 | Lair:3   | Got an ancient longbow
 13810 | Lair:3   | Identified the +6 longbow "Hurph" {speed, Int+2} (You found
                  | it on level 3 of the Lair of Beasts)
 14740 | Lair:4   | Reached skill level 9 in Shields
 14774 | Lair:4   | Got a wavering marble ring
 14776 | Lair:4   | Identified the ring "Laxt" {Fire rPois MR+ Dex+2} (You
                  | found it on level 4 of the Lair of Beasts)
 14847 | Lair:4   | Reached skill level 10 in Stealth
 14867 | Lair:4   | Found a snail-covered altar of Cheibriados.
 15248 | Lair:4   | Found a staircase to the Shoals.
 15462 | Lair:4   | Reached skill level 1 in Evocations
 16004 | Lair:5   | Found a dark tunnel.
 16025 | Volcano  | Entered a volcano
 16073 | Volcano  | Reached skill level 10 in Dodging
 16423 | Lair:5   | Reached skill level 5 in Air Magic
 16442 | Lair:5   | Reached XP level 14. HP: 59/80 MP: 20/26
 16521 | Lair:5   | Offered knowledge of Freezing Cloud by Vehumet.
 16670 | Lair:5   | Noticed Snorg
 16690 | Lair:5   | Noticed Nessos
 16720 | Lair:5   | Killed Nessos
 16721 | Lair:5   | Reached skill level 10 in Shields
 16844 | Lair:5   | Found a runed door.
 16845 | Lair:5   | Found a viscous altar of Jiyva.
 16848 | Lair:5   | Found a staircase to the Slime Pits.
 16992 | Lair:5   | Killed Snorg
 17433 | Lair:6   | Entered Level 6 of the Lair of Beasts
 19253 | D:10     | Found a sacrificial altar of Ru.
 19283 | D:10     | Found a blossoming altar of Fedhas.
 19811 | D:11     | Found a staircase to the Orcish Mines.
 20038 | D:11     | Noticed a frost giant
 20038 | D:11     | Noticed a frost giant
 20039 | D:11     | Found a runed door.
 20041 | D:11     | Noticed a frost giant
 20097 | D:11     | Found a gate to the Vaults.
 20384 | D:11     | Reached XP level 15. HP: 88/88 MP: 28/28
 20803 | D:12     | Entered Level 12 of the Dungeon
 20845 | D:12     | Found a gateway to a bazaar.
 21165 | D:12     | Reached skill level 11 in Shields
 21617 | D:12     | Noticed Rupert
 21834 | D:12     | Found a staircase to the Depths.
 22215 | Orc      | Entered the Orcish Mines
 22215 | Orc      | Found a staircase to the Elven Halls.
 22215 | Orc      | Found Ahoxaraq's Food Shop.
 22353 | Orc      | Noticed Fannar
 22406 | Orc      | Offered knowledge of Bolt of Draining by Vehumet.
 22422 | Orc      | Reached ****** piety under Vehumet
 22468 | Orc      | Killed Fannar
 22712 | Orc      | HP: 4/88 [orc knight/+3 long sword (24)]
 23073 | Orc      | Found Baoleni's Distillery.
 23073 | Orc      | Found Xusocecu's Distillery.
 23075 | Orc      | Found Fienajaz's Antique Armour Boutique.
 23077 | Orc      | Found Bujih's Assorted Antiques.
 23298 | Bazaar   | Entered a bazaar
 23298 | Bazaar   | Found Osmoak's Gadget Shoppe.
 23298 | Bazaar   | Found Valuw's Antique Armour Shoppe.
 23298 | Bazaar   | Found Pueteips's Magic Scroll Emporium.
 23298 | Bazaar   | Found Irpha Codwo's Distillery.
 23298 | Bazaar   | Found Niutotin's Weapon Shoppe.
 23326 | Bazaar   | Bought a pair of embroidered boots for 127 gold pieces
 23339 | Bazaar   | Bought a potion of magic for 35 gold pieces
 23339 | Bazaar   | Bought a potion of haste for 70 gold pieces
 23339 | Bazaar   | Bought a potion of mutation for 56 gold pieces
 23339 | Bazaar   | Bought 2 potions of mutation for 112 gold pieces
 23347 | Bazaar   | Bought a scroll of acquirement for 624 gold pieces
 23347 | Bazaar   | Bought a scroll of teleportation for 36 gold pieces
 23347 | Bazaar   | Bought a scroll of teleportation for 36 gold pieces
 23347 | Bazaar   | Bought a scroll of blinking for 90 gold pieces
 23350 | Bazaar   | Identified the +0 bardiche "Sarcophage" {chop, MR- Str+7}
                  | (You acquired it in a bazaar)
 23350 | Bazaar   | Identified the ring "Azega Tun" {rC+ MR+} (You acquired it
                  | in a bazaar)
 23455 | Orc      | Bought a runed helmet for 187 gold pieces
 23455 | Orc      | Bought an obsidian-encrusted plate armour for 700 gold
                  | pieces
 23455 | Orc      | Identified the +12 plate armour of Gallantry {*Contam rPois
                  | rF++ MR+} (You bought it in a shop in the Orcish Mines)
 23480 | Orc      | Bought a potion of haste for 130 gold pieces
 23481 | Orc      | Bought 2 potions of haste for 280 gold pieces
 23481 | Orc      | Bought a potion of mutation for 112 gold pieces
 23482 | Orc      | Gained mutation: You have large cloven feet. [potion of
                  | mutation]
 23482 | Orc      | Gained mutation: You are agile. (Dex +2) [potion of
                  | mutation]
 23691 | Snake:1  | Entered Level 1 of the Snake Pit
 23773 | Lair:3   | Offered knowledge of Irradiate by Vehumet.
 23887 | Snake:1  | Noticed Louise
 23970 | Shoals:1 | Entered Level 1 of the Shoals
 24064 | Shoals:1 | Found a runed translucent gate.
 24064 | Shoals:1 | Found a runed translucent gate.
 24064 | Shoals:1 | Found a runed translucent gate.
 24222 | Shoals:1 | Noticed Roxanne
 24520 | Shoals:1 | Gained mutation: You regenerate. [Jungle Stalker growth]
 24520 | Shoals:1 | Reached XP level 16. HP: 80/94 MP: 30/30
 24705 | Shoals:1 | Noticed Faustar's ghost (adept GrFi)
 25249 | Shoals:2 | Reached skill level 12 in Shields
 25764 | Shoals:2 | Reached skill level 5 in Slings
 26072 | Shoals:3 | Entered Level 3 of the Shoals
 26371 | Shoals:3 | Offered knowledge of Iron Shot by Vehumet.
 26695 | D:11     | Killed a frost giant
 26716 | D:11     | Killed a frost giant
 26724 | D:11     | Killed a frost giant
 26814 | D:11     | Identified the +6 crystal plate armour of Jyqizaydd {*Drain
                  | rN+ Int+2 Dex+4} (You found it on level 11 of the Dungeon)
 26817 | D:11     | Identified Sif Muna's Almanac of Hexes
 26821 | D:11     | Identified the cursed +0 long sword of Gehenna {freeze,
                  | rElec Int+7} (You found it on level 11 of the Dungeon)
 26824 | D:11     | Identified the +6 long sword of Deflation {freeze, Str+2}
                  | (You found it on level 11 of the Dungeon)
 27087 | Elf:1    | Entered Level 1 of the Elven Halls
 27133 | Elf:1    | Paralysed by a floating eye for 4 turns
 28363 | Vaults:1 | Entered Level 1 of the Vaults
 28588 | D:11     | Reached XP level 17. HP: 99/100 MP: 31/31
 28885 | Vaults:1 | Noticed an Ice Fiend
 29058 | Vaults:1 | Noticed a Shadow Fiend
 29097 | Vaults:1 | Found a runed translucent gate.
 29097 | Vaults:1 | Found a runed translucent gate.
 29097 | Vaults:1 | Found a runed translucent gate.
 29097 | Vaults:1 | Noticed Morbidden's ghost (journeyman HOAc)
 29097 | Vaults:1 | Identified the +7 great sword of Truth {slice, *Slow rPois
                  | Dex+6}
 29097 | Vaults:1 | Identified the +9 plate armour "Gyas" {MR+}
 29098 | Vaults:1 | Identified the cursed +1 executioner's axe of Harmony
                  | {freeze, rC+ MR+ SInv}
 29098 | Vaults:1 | Identified the cursed +0 chain mail of Naff {*Corrode MR+++
                  | Regen+ Dex-5}
 29099 | Vaults:1 | Identified the +1 demon blade "Daf Amp" {drain, rF+ Str+4
                  | Stlth+}
 29099 | Vaults:1 | Identified the cursed +1 chain mail of Compassion {rElec
                  | rF+ rN+++ MR-}
 29099 | Vaults:1 | Identified the +7 large shield "Keal Quo" {rPois rN++}
 29210 | Vaults:1 | Reached skill level 13 in Shields
 29394 | Vaults:1 | Offered knowledge of Conjure Ball Lightning by Vehumet.
 29417 | Vaults:1 | Identified the cursed +0 leather armour of Indestructible
                  | Awe {*Slow rC++ Int+7}
 29494 | Depths:1 | Entered Level 1 of the Depths
 29626 | Depths:1 | Found Wonoalla's Weapon Emporium.
 29670 | Depths:1 | Reached skill level 5 in Armour
 29737 | Depths:1 | Found a one-way gate to the infinite horrors of the Abyss.
 29947 | Depths:1 | Reached skill level 10 in Spellcasting
 30253 | Depths:1 | Found a one-way gate leading to the halls of Pandemonium.
 30460 | Depths:1 | Found a gateway to Hell.
 30524 | Depths:1 | Demolished by a hell knight

Skill      XL: |  1  2  3  4  5  6  7  8  9 10 11 12 13 14 15 16 17 |
---------------+----------------------------------------------------+-----
Maces & Flails | 1 2 |  2.0
Dodging        | 4 5 6 7 9 10 11 12 | 12.4
Fighting       | 1 2 3 4 5 6 7 8 9 |  9.8
Stealth        | 5 6 7 8 9 10 11 | 11.5
Slings         | 1 2 3 4 5 |  5.2
Spellcasting   | 1 2 3 4 5 6 7 8 9 10 | 10.1
Axes           | 1 2 3 |  3.1
Throwing       | 1 2 3 |  3.7
Shields        | 1 2 4 6 7 8 9 10 11 12 13 | 13.3
Short Blades   | 1 4 5 6 7 8 9 |  9.6
Conjurations   | 1 2 3 |  3.4
Armour         | 1 2 3 4 5 |  5.1
Long Blades    | 1 2 3 4 5 6 7 9 |  9.7
Air Magic      | 2 3 5 6 7 8 |  8.8
Evocations     | 1 |  1.5

Action                   |  1- 3 |  4- 6 |  7- 9 | 10-12 | 13-15 | 16-18 || total
-------------------------+-------+-------+-------+-------+-------+-------++-------
Melee: Whip              |    20 |       |       |       |       |       ||    20
       Bite              |    19 |     8 |    31 |   113 |   226 |   197 ||   594
       Mace              |   103 |       |       |       |       |       ||   103
       War axe           |       |    53 |    60 |       |       |       ||   113
       Dagger            |       |       |   244 |   864 |   954 |   323 ||  2385
       Scimitar          |       |       |       |       |   395 |   736 ||  1131
 Fire: Hunting sling     |     9 |   164 |     1 |       |       |       ||   174
       Blowgun           |       |       |     9 |       |       |       ||     9
       Fustibalus        |       |       |       |       |   235 |   120 ||   355
Throw: Tomahawk          |       |     5 |    48 |    44 |    78 |    44 ||   219
 Cast: Magic Dart        |       |       |       |    13 |     5 |       ||    18
       Searing Ray       |       |       |       |     5 |     3 |       ||     8
       Airstrike         |       |       |       |       |    13 |       ||    13
 Abil: Evoke Invisibilit |       |       |       |     2 |       |       ||     2
Evoke: Wand              |       |       |     1 |    10 |    14 |     8 ||    33
       Phantom mirror    |       |       |       |       |       |     1 ||     1
  Use: Scroll            |       |     1 |    14 |    11 |    16 |    14 ||    56
       Potion            |       |       |     2 |     1 |     1 |       ||     4
 Stab: Sleeping          |     4 |       |     7 |    11 |    19 |       ||    41
       Invisible         |       |       |       |     5 |     1 |       ||     6
       Distracted        |       |       |       |     2 |     1 |       ||     3
  Eat: Chunk             |     4 |    15 |    14 |    40 |    64 |    50 ||   187
       Ration            |       |       |     3 |     2 |     4 |     2 ||    11
Armor: Robe              |    67 |    26 |    14 |       |       |       ||   107
       Chain mail        |       |       |    64 |    94 |       |       ||   158
       Troll leather arm |       |       |       |    82 |   171 |       ||   253
       Plate armour      |       |       |       |       |   217 |   479 ||   696
       Ice dragon scales |       |       |       |       |    14 |       ||    14
Dodge: Dodged            |   163 |   103 |    56 |   200 |   489 |   286 ||  1297
Block: Medium shield     |       |       |   162 |   566 |  1354 |  1301 ||  3383
